Match 39254277
Unlisted

Match 39254277
End
Construct Section Command Post
Royal Engineer Section
Selects Air and Sea Battlegroup
Vickers Machine Gun Team
Infantry Section
ML 3-inch Mortar Team
Construct Platoon Command Post
Humber Armored Car
Construct Field Infirmary
Selects Commando Section Paradrop
Commando Section Paradrop
Construct Company Command Post
Selects M1 Pack Howitzer Paradrop
Crusader II Medium Tank
Crusader II Medium Tank
Selects Incendiary Bombing Run
Unlock M3 Grant Medium Tanks
Grenade Package
Incendiary Bombing Run
M3 Grant Medium Tank
Foot Guards Section
M3 Grant Medium Tank
6-pounder Anti-tank Gun Team
Incendiary Bombing Run
M3 Grant Medium Tank
Incendiary Bombing Run
M3 Grant Medium Tank
Selects Naval Blockade
Selects Centaur Medium Tank
Royal Engineer Section
matjouz
Sarmynation
skandrausis
Perturabo
0
0

Comments sign in to comment!

No comments posted yet!